 Dungeon Crawl Stone Soup version 0.28-a0-794-gafe8c5f9e9 (webtiles) character file.

Game seed: 6646064702719207876

4575 kae the Summoner (level 10, 0/60 HPs)
             Began as a Tengu Summoner on Nov 5, 2021.
             Was a Follower of Ashenzari.
             Killed from afar by an efreet (15 damage)
             ... with a fireball
             ... on level 9 of the Dungeon.
             The game lasted 00:13:45 (15266 turns).

kae the Summoner (Tengu Summoner)                  Turns: 15266, Time: 00:13:46

Health: 0/60       AC: 11    Str:  8    XL:     10   Next: 41%
Magic:  3/19       EV: 20    Int: 17    God:    Ashenzari [*.....]
Gold:   376        SH:  0    Dex: 16    Spells: 7/20 levels left

rFire   . . .      SeeInvis .   o - +0 scimitar of Ashenzari's Sybil {Evo, Melee} (curse)
rCold   . . .      Faith    .   (no shield)
rNeg    + . .      Spirit   .   a - +1 robe
rPois   +          Reflect  .   u - +2 hat
rElec   .          Harm     .   q - +2 ratskin cloak {*Rats rPois rN+ Str-1 Int-1 Dex+1}
rCorr   +          Rampage  .   e - +2 pair of gloves
Will    .....                   (boots unavailable)
Stlth   ++........              n - amulet of regeneration
HPRegen 1.20/turn               l - ring "Oracular Activism" {rCorr, Melee, Elem} (curse)
MPRegen 0.16/turn               (no ring)

@: flying quickly and evasively, quick
A: beak, talons 3, nimble flight
a: Renounce Religion, Shatter the Chains


You were on level 9 of the Dungeon.
You worshipped Ashenzari.
Ashenzari was aware of your devotion.
You visited 2 branches of the dungeon, and saw 10 of its levels.
You also visited: Sewer.

You collected 376 gold pieces.

Inventory:

Hand Weapons
 o - the cursed +0 scimitar of Ashenzari's Sybil (weapon) {Evo, Melee}
   (You found it on level 4 of the Dungeon)

   It has a curse which improves the following skills: Evocations: Evocations.
   Melee Combat: Short Blades, Long Blades, Axes, Maces & Flails, Polearms,
   Staves and Unarmed Combat.
Armour
 a - a +1 robe (worn)
 e - a +2 pair of gloves (worn)
 q - the +2 ratskin cloak (worn) {*Rats rPois rN+ Str-1 Int-1 Dex+1}
   (You found it on level 6 of the Dungeon)

   When the wearer is hurt, rats may emerge from it to assist them.
   Str:       It affects your strength (-1).
   Int:       It affects your intelligence (-1).
   Dex:       It affects your dexterity (+1).
   rPois:     It protects you from poison.
   rN:        It protects you from negative energy.
 u - a +2 hat (worn)
Jewellery
 h - an amulet of the acrobat
 l - the cursed ring "Oracular Activism" (left hand) {rCorr, Melee, Elem}
   (You found it on level 3 of the Dungeon)

   [ring of resist corrosion]

   rCorr:     It protects you from acid and corrosion.
   It has a curse which improves the following skills: Melee Combat: Short
   Blades, Long Blades, Axes, Maces & Flails, Polearms, Staves and Unarmed
   Combat.
   Elements:  Fire Magic, Ice Magic, Air Magic and Earth Magic.
 n - an amulet of regeneration (around neck)
 w - a +4 ring of evasion
 y - the amulet "Hodos" {RegenMP rF+ rCorr}
   (You found it on level 9 of the Dungeon)

   [amulet of magic regeneration]

   It increases your rate of magic regeneration.
   rF:        It protects you from fire.
   rCorr:     It protects you from acid and corrosion.
Wands
 i - a wand of mindburst (8)
 k - a wand of flame (34)
 v - a wand of charming (4)
Scrolls
 b - a scroll of fog
 f - 2 scrolls of enchant weapon
Potions
 c - a potion of curing
 d - 2 potions of brilliance
 g - a potion of invisibility
 j - 3 potions of attraction
 m - 3 potions of berserk rage
 p - 2 potions of haste
 r - a potion of magic
 s - a potion of degeneration
 t - a potion of mutation
 x - 2 potions of flight


   Skills:
 + Level 5.9 Fighting
 + Level 2.0(3.2) Long Blades
 * Level 9.7 Dodging
 - Level 2.0 Stealth
 + Level 5.7 Spellcasting
 * Level 11.2 Summonings


You had 7 spell levels left.
You knew the following spells:

 Your Spells              Type           Power      Damage    Failure   Level
a - Summon Small Mammal   Summ           100%       N/A       1%          1
b - Call Imp              Summ           43%        N/A       1%          2
c - Call Canine Familiar  Summ           43%        N/A       1%          3
d - Summon Guardian Gole  Hex/Summ       24%        N/A       3%          3
e - Summon Lightning Spi  Summ/Air       24%        N/A       13%         4

Your spell library contained the following spells:

 Spells                   Type           Power      Damage    Failure   Level
 Ensorcelled Hibernation  Hex/Ice        10%        N/A       21%         2
 Poisonous Vapours        Pois/Air       10%        N/A       21%         2
 Ignite Poison            Fire/Tmut/Pois 5%         N/A       36%         3
 Mephitic Cloud           Conj/Pois/Air  4%         N/A       36%         3
 Portal Projectile        Hex/Tloc       8%         N/A       36%         3
 Spider Form              Tmut/Pois      4%         N/A       36%         3
 Tukima's Dance           Hex            4%         N/A       36%         3
 Animate Dead             Necr           2%         N/A       78%         4
 Hailstorm                Conj/Ice       5%         3d4       78%         4
 Ice Form                 Ice/Tmut       5%         N/A       78%         4
 Blade Hands              Tmut           2%         N/A       98%         5
 Borgnjor's Vile Clutch   Necr/Erth      2%         N/A       98%         5
 Excruciating Wounds      Necr           2%         N/A       98%         5
 Freezing Cloud           Conj/Ice/Air   2%         6-21      98%         5
 Death Channel            Necr           2%         N/A       100%        6
 Simulacrum               Ice/Necr       2%         N/A       100%        6


Dungeon Overview and Level Annotations

Branches:
Dungeon (9/15)             Temple (1/1) D:6           Sewer (visited)
   Lair: D:8-11         Orc: D:9-12

Altars:
Ashenzari
Cheibriados
Dithmenos
Elyvilon
Gozag
Hepliaklqana
Kikubaaqudgha
Nemelex Xobeh
Okawaru
Qazlal
Ru
Sif Muna
Trog
Uskayaw
Vehumet
Wu Jian
Yredelemnul
Zin
The Shining One

Annotations:
D:4 Sigmund
D:9 3 runed translucent doors


Innate Abilities, Weirdness & Mutations

You have a beak for a mouth.
You have claws for feet.
Your magical nature lets you fly swiftly and evasively.


Message History

The fireball explodes!
The fireball engulfs your hound!!!
Your hound dies!
Your hound's corpse disappears in a puff of smoke!
The fireball engulfs your lightning spire.
Your lightning spire resists.
The fireball engulfs your guardian golem.
Your guardian golem resists.
The fireball engulfs you!!
The fireball engulfs the efreet.
The efreet completely resists.
Your guardian golem overheats!
The efreet gestures at your guardian golem.
The fireball explodes!
The fireball engulfs your guardian golem!
Your guardian golem resists.
Your guardian golem disappears in a puff of smoke!
The fireball engulfs the efreet.
The efreet completely resists.
The fireball engulfs you.
* * * LOW HITPOINT WARNING * * *
Your guardian golem explodes!
The fiery explosion engulfs the efreet.
The efreet completely resists.
The fiery explosion engulfs you!
* * * LOW HITPOINT WARNING * * *
Okay, then.
Okay, then.
Okay, then.
Casting: Call Canine Familiar (safe; 1% risk of failure)
Confirm with . or Enter, or press ? or * to list all spells.
An electric hum fills the air.
Your lightning spire disappears in a puff of smoke!
You feel better. The efreet gestures at you. The bolt of fire misses you.
Your magical contamination has completely faded away.
Casting: Summon Lightning Spire (dangerous; 13% risk of failure)
Confirm with . or Enter, or press ? or * to list all spells.
You don't have enough magic to cast this spell.
Unknown command.
The efreet gestures at you.
The fireball explodes!
The fireball engulfs you!
You die...

..
##....###....##.#.#.##...8###
##
#.##...###..###.#.###.8###..
#.####...###.........###...#
#.# ###...#.###.###.#......
#.# ###.###.#.#.###....##
#.########..#.##.##.#..####
#.#.........##.....##.######
#.#?#######8.#.....#........
#.#....§R..@.##...##..#...##
#......§.###..#...#....###.#
#####..[###§#
##.##.##..#.#.)..
........##..☼R○..#.#.......#.#
........#######○.#.#....#>..#.
#.....#######...#..#..####..
#.....R○5°.....#g....##....
##.....#####......##g#.##..
#............###.##..# ##.


You could see an efreet (ally target) and a friendly lightning spire (summoned).

Vanquished Creatures
  A meliai zombie (D:9)
  A steam dragon (D:9)
  A water moccasin (D:5)
  2 sky beasts
  4 centaurs
  2 kobold brigands
  A bullfrog (D:7)
  A gnoll sergeant (D:9)
  2 scorpions
  2 howler monkeys
  2 centaur zombies
  2 hounds
  A jelly (D:8)
  An orc priest (D:8)
  A hell rat (D:6)
  2 orc wizards
  A howler monkey zombie (D:5)
  2 gnolls (D:8)
  9 adders
  19 river rats (D:6)
  A shadow imp (D:6)
  A white imp (D:6)
  An adder zombie (D:5)
  A worm (D:3)
  A dart slug (D:2)
  7 orcs
  2 endoplasms
  3 giant cockroaches (D:2)
  4 goblins
  3 hobgoblins
  3 jackals (D:2)
  18 kobolds
  A quokka (D:1)
  6 ball pythons
  7 bats
  3 frilled lizards
  3 rats
122 creatures vanquished.

Vanquished Creatures (collateral kills)
  A deep elf zephyrmancer (D:9)
  Joseph (D:8)
  Menkaure (D:6)
  Pargi (Sewer)
  An ogre (D:5)
  A centaur (D:8)
  A phantom (D:6)
  2 howler monkeys (D:7)
  A hound (D:4)
  A jelly (D:4)
  A centaur skeleton (D:6)
  A scorpion zombie (D:5)
  4 orc wizards
  A centaur simulacrum (D:9)
  3 gnolls
  A river rat (D:6)
  4 adders
  3 worms
  2 dart slugs
  2 orcs
  4 ball pythons
  3 endoplasms (D:1)
  A giant cockroach (D:3)
  5 hobgoblins
  A jackal (D:2)
  4 kobolds
  2 bats
  3 frilled lizards
  2 goblins (D:1)
  4 rats
62 creatures vanquished.

Vanquished Creatures (others)
  A troll (D:8)
  A slime creature (D:7)
  2 wraiths (D:7)
  2 orc warriors
  An ogre (D:5)
  2 hell rats (D:6)
9 creatures vanquished.

Grand Total: 193 creatures vanquished

Notes
Turn   | Place    | Note
-------+----------+-------------------------------------------
     0 | D:1      | kae the Tengu Summoner began the quest for the Orb.
     0 | D:1      | Reached XP level 1. HP: 10/10 MP: 4/4
   164 | D:1      | Reached skill level 5 in Summonings
   164 | D:1      | Reached XP level 2. HP: 4/15 MP: 6/6
   422 | D:1      | Learned a level 2 spell: Call Imp
  1408 | D:1      | Reached XP level 3. HP: 17/20 MP: 3/7
  1649 | D:1      | Learned a level 3 spell: Call Canine Familiar
  2253 | D:1      | Found a shadowy altar of Dithmenos.
  2768 | D:2      | Reached skill level 1 in Fighting
  2836 | D:2      | Reached XP level 4. HP: 25/25 MP: 4/8
  3344 | D:2      | Found a sacrificial altar of Ru.
  3577 | D:2      | Found a faded altar of an unknown god.
  3812 | D:3      | Gained mutation: Your magical nature lets you fly swiftly
                  | and evasively. [Tengu growth]
  3812 | D:3      | Reached XP level 5. HP: 18/29 MP: 9/9
  4098 | D:3      | Found a glowing drain.
  4126 | Sewer    | Entered a sewer
  4315 | Sewer    | Noticed Pargi
  4849 | Sewer    | Killed Pargi
  4850 | Sewer    | Reached skill level 6 in Summonings
  4850 | Sewer    | Reached XP level 6. HP: 35/35 MP: 7/11
  5741 | D:4      | Noticed Sigmund
  5928 | D:4      | Found a sacrificial altar of Ru.
  6114 | D:5      | Entered Level 5 of the Dungeon
  6307 | D:5      | Noticed a water moccasin
  6430 | D:5      | Reached XP level 7. HP: 40/40 MP: 12/12
  6686 | D:5      | Reached skill level 5 in Dodging
  6686 | D:5      | Reached skill level 7 in Summonings
  8045 | D:5      | Learned a level 3 spell: Summon Guardian Golem
  8060 | D:5      | Reached XP level 8. HP: 46/46 MP: 3/14
  8232 | D:5      | Reached skill level 8 in Summonings
  8701 | D:6      | Found a stormy altar of Qazlal.
  9033 | D:6      | Found a staircase to the Ecumenical Temple.
  9080 | Temple   | Entered the Ecumenical Temple
  9183 | Temple   | Became a worshipper of Ashenzari the Shackled
  9275 | D:6      | Noticed Menkaure
  9816 | D:6      | Found the +2 ratskin cloak {*Rats rPois rN+ Str-1 Int-1
                  | Dex+1}
  9937 | D:6      | Reached skill level 9 in Summonings
 10587 | D:6      | Reached XP level 9. HP: 52/52 MP: 16/16
 10734 | D:6      | Killed Menkaure
 11608 | D:7      | Reached skill level 5 in Fighting
 11608 | D:7      | Reached skill level 5 in Spellcasting
 11608 | D:7      | Reached skill level 10 in Summonings
 12777 | D:8      | Noticed a troll
 12804 | D:8      | Killed a troll
 12956 | D:8      | Found an ornate altar of the Wu Jian Council.
 13175 | D:8      | Reached XP level 10. HP: 56/59 MP: 16/19
 13250 | D:8      | Reached * piety under Ashenzari
 13687 | D:9      | Noticed Joseph
 13950 | D:8      | Killed Joseph
 13951 | D:8      | Reached skill level 1 in Long Blades
 14506 | D:8      | Found an ornate altar of the Wu Jian Council.
 14697 | D:9      | Learned a level 4 spell: Summon Lightning Spire
 14721 | D:9      | Reached skill level 11 in Summonings
 14880 | D:9      | Noticed a deep elf zephyrmancer
 15034 | D:9      | Killed a deep elf zephyrmancer
 15126 | D:9      | Found a runed translucent door.
 15129 | D:9      | Found a runed translucent door.
 15129 | D:9      | Noticed a centaur warrior
 15131 | D:9      | Found a runed translucent door.
 15131 | D:9      | Noticed a two-headed ogre
 15147 | D:9      | Identified the amulet "Hodos" {RegenMP rF+ rCorr}
 15147 | D:9      | Identified the Disquisition on Envenoming and Earth
 15148 | D:9      | Identified the +5 morningstar "Konulott" {vorpal, Contam
                  | rElec Str+8}
 15266 | D:9      | Killed from afar by an efreet

Illustrated notes

Levels and vault maps discovered:
D:1:      dpeg_arrival_lava_altar, layout_basic
D:2:      minmay_chambers_of_ones, layout_basic, basic_altar,
          basic_ecumenical_altar, minmay_hedge_maze
D:3:      layout_rooms, lightli_sewer_entry_pipes
D:4:      layout_gridville, nicolae_ru_sacrificial_ziggurat, uniq_sigmund
D:5:      layout_basic
D:6:      wander_guarded_unrand_ratskin, layout_loops_ring,
          mainiacjoe_overflow_cross_hatched, minmay_temple_entry_tees,
          minmay_misc_feat_x, uniq_menkaure
D:7:      layout_loops_corners, kb_rosetta
D:8:      layout_basic, lemuel_round_altar
D:9:      minmay_the_grid_four_pointed_star_mashed
          [minmay_the_grid_triangle_9x9_fully_insulated_deathbox,
          minmay_the_grid_triangle_9x9_zippers_vertical,
          minmay_the_grid_triangle_9x9_warning,
          minmay_the_grid_triangle_9x9_shrine,
          minmay_the_grid_prize_diamond_cup], layout_loops_ring,
          grunt_tough_drop, uniq_prince_ribbit1, uniq_joseph
Temple:   regret_index_temple_waves

Skill      XL: |  1  2  3  4  5  6  7  8  9 10 |
---------------+-------------------------------+-----
Summonings     | 5 6 7 9 10 11 | 11.2
Dodging        | 3 4 6 7 9 |  9.7
Fighting       | 1 2 3 4 5 |  5.9
Spellcasting   | 3 4 5 |  5.7
Long Blades    | 2 |  2.0
Stealth        | |  2.0

Action                   |  1- 3 |  4- 6 |  7- 9 | 10-12 || total
-------------------------+-------+-------+-------+-------++-------
Melee: Unarmed           |   124 |   165 |       |       ||   289
       Kick              |    25 |    36 |    69 |    19 ||   149
       Peck              |    18 |    18 |    40 |    11 ||    87
       Scimitar          |       |     9 |   268 |    65 ||   342
 Cast: Summon Small Mamm |    13 |    13 |     3 |       ||    29
       Call Imp          |    16 |    30 |     9 |     2 ||    57
       Call Canine Famil |       |    12 |    30 |     7 ||    49
       Summon Guardian G |       |       |    15 |     8 ||    23
       Summon Lightning  |       |       |       |     5 ||     5
Invok: Curse Item        |       |       |     1 |     1 ||     2
  Use: Scroll            |     2 |     6 |     5 |     1 ||    14
       Potion            |       |       |       |     2 ||     2
 Stab: Sleeping          |     2 |     6 |     8 |     1 ||    17
       Distracted        |       |     2 |       |       ||     2
Armor: Robe              |    27 |    75 |    88 |    28 ||   218
Dodge: Dodged            |    99 |   207 |   322 |   114 ||   742

Table legend: (Time is in decaauts)
 A = Elapsed time spent in this place.
 B = Non-inter-level travel time spent in this place.
 C = Inter-level travel time spent in this place.
 D = Time resting spent in this place.
 E = Time spent auto-exploring this place.
 F = Levels seen in this place.
 G = Mean time per level.
                   A        B        C        D        E       F      G
               +--------+--------+--------+--------+--------+-----+--------+
         Total |  14694 |  14268 |    426 |    437 |  11129 |  11 | 1335.8 |
       Dungeon |  13824 |  13422 |    402 |    437 |  10884 |   9 | 1536.0 |
        Temple |    106 |     83 |     23 |      0 |     70 |   1 |  106.0 |
         Sewer |    764 |    764 |      0 |      0 |    175 |   1 |  764.0 |
               +--------+--------+--------+--------+--------+-----+--------+

Top non-repeatable levels by time:
     D:1: 2280 daAuts
     D:5: 2251 daAuts
     D:6: 2148 daAuts
     D:8: 1898 daAuts
     D:7: 1789 daAuts
     D:2: 1460 daAuts
     D:3: 783 daAuts
   Sewer: 764 daAuts
     D:4: 731 daAuts
     D:9: 481 daAuts
  Temple: 106 daAuts
